 Dungeon Crawl Stone Soup version 0.28-a0-684-g30a9fa1a03 (webtiles) character file.

Game seed: 2910872961290212019

46 BlueGoblin the Conjurer (level 3, 0/21 HPs)
             Began as an Octopode Conjurer on Oct 19, 2021.
             Slain by an orc wizard (3 damage)
             ... on level 3 of the Dungeon.
             The game lasted 00:03:10 (2006 turns).

BlueGoblin the Conjurer (Octopode Conjurer)         Turns: 2006, Time: 00:03:10

Health: 0/21       AC:  1    Str:  6    XL:     3   Next: 68%
Magic:  6/6        EV: 13    Int: 21    God:
Gold:   68         SH:  0    Dex: 10    Spells: 3/6 levels left

rFire   . . .      SeeInvis .   b - +0 dagger
rCold   . . .      Faith    .   (no shield)
rNeg    . . .      Spirit   .   (helmet restricted)
rPois   .          Reflect  .   (no amulet)
rElec   .          Harm     .   (no ring)
rCorr   .          Rampage  .   (no ring)
Will    .....                   (no ring)
Stlth   ++........              (no ring)
HPRegen 0.07/turn               (no ring)
MPRegen 0.10/turn               (no ring)
                                (no ring)
                                (no ring)

@: confused
A: almost no armour, amphibious, 8 rings, camouflage 1, gelatinous body 1,
(nimble swimmer 1), tentacles
a: no special abilities


You were on level 3 of the Dungeon.
You visited 1 branch of the dungeon, and saw 3 of its levels.

You collected 68 gold pieces.

Inventory:

Hand Weapons
 b - a +0 dagger (weapon)
Jewellery
 h - a ring of positive energy
 k - a ring of resist corrosion
Scrolls
 d - a scroll of magic mapping {unknown}
 g - a scroll of silence {unknown}
 i - a scroll of fog {unknown}
 j - 2 scrolls of summoning {unknown}
 m - 2 scrolls of identify {unknown}
Potions
 a - a potion of curing {unknown}
 c - a potion of flight {unknown}
 e - a potion of degeneration {unknown}
 f - a potion of invisibility {unknown}
 l - a potion of mutation {unknown}


   Skills:
 + Level 3.9 Dodging
 - Level 2.6 Stealth
 - Level 2.0 Spellcasting
 - Level 4.0 Conjurations


You had 3 spell levels left.
You knew the following spells:

 Your Spells              Type           Power      Damage    Failure   Level
a - Magic Dart            Conj           72%        1d6       2%          1
b - Searing Ray           Conj           36%        2d5       4%          2

Your spell library contained the following spells:

 Spells                   Type           Power      Damage    Failure   Level
 Dazzling Flash           Conj/Hex       20%        N/A       19%         3
 Sublimation of Blood     Necr           1%         N/A       22%         2
 Fulminant Prism          Conj/Hex       5%         3d7       54%         4
 Iskenderun's Mystic Bla  Conj/Tloc      10%        2d4       54%         4
 Cause Fear               Hex            1%         N/A       82%         4
 Petrify                  Tmut/Erth      2%         N/A       82%         4
 Irradiate                Conj/Tmut      5%         3d15      87%         5
 Dragon Form              Tmut           1%         N/A       100%        7
 Dragon's Call            Summ           1%         N/A       100%        9


Dungeon Overview and Level Annotations

Branches:
Dungeon (3/15)

Altars:


Innate Abilities, Weirdness & Mutations

You cannot wear most types of armour.
You are amphibious.
You can wear up to eight rings at the same time.
Your skin changes colour to match your surroundings (Stealth+).
Your rubbery body absorbs attacks. (AC +1, EV +1)
((You are camouflaged near water. (Stealth+)))
You have tentacles for arms and can constrict up to eight enemies at once.


Message History

You are confused.
You feel less confused.
There is an open door here.
The orc wizard casts a spell.
The orc wizard flickers and vanishes!
Deactivating autopickup; reactivate with Ctrl-A.
You close the door.
You are confused.
You bump into the rock wall.
You are more confused.
You bump into the rock wall.
You bump into the rock wall.
You bump into the rock wall.
You bump into the rock wall.
You're too confused to move!
You hear some strange, mumbled words.
You are more confused.
You bump into the rock wall.
Something hits you.
You miss something. Your squeeze misses something.
You hear some strange, mumbled words.
You are more confused.
An orc wizard appears from thin air!
Reactivating autopickup.
The orc wizard closely misses you.
The orc wizard mumbles some strange words.
The orc wizard flickers and vanishes!
Deactivating autopickup; reactivate with Ctrl-A.
You're too confused to move!
Something hits you but does no damage.
You're too confused to move!
Something hits you. Something hits you.
You hear some strange, mumbled words.
A puff of flame appears from out of thin air!
The puff of flame hits you!
* * * LOW HITPOINT WARNING * * *
A puff of flame appears from out of thin air!
The puff of flame misses you.
Okay, then.
You are too confused!
Something hits you.
You die...

############ #..........# ####
#.########.## ...# #.#
#.......# ...# #.# #.......#
...### #{# #.......# .....# #.#
#....@..############ ####.# #.#
#.......÷..........#
####.###.####################.#
.........># #..........†<#.#
.##..###.(# #.....########.#
..#..# #..# #.....# #.# #.#..#
#..# #.....# #.# ....# #..#
#.....# #.# #..## #..# #.....#
#.#


There were no monsters in sight!

Vanquished Creatures
  2 adders (D:3)
  A worm (D:2)
  An orc (D:3)
  3 endoplasms
  6 goblins
  2 hobgoblins (D:1)
  2 kobolds (D:1)
  A quokka (D:2)
  2 ball pythons
  A frilled lizard (D:1)
  2 rats
23 creatures vanquished.

Notes
Turn   | Place    | Note
-------+----------+-------------------------------------------
     0 | D:1      | BlueGoblin the Octopode Conjurer began the quest for the
                  | Orb.
     0 | D:1      | Reached XP level 1. HP: 11/11 MP: 3/3
   350 | D:1      | Reached XP level 2. HP: 17/17 MP: 0/5
   422 | D:1      | Learned a level 2 spell: Searing Ray
  1298 | D:2      | Reached XP level 3. HP: 21/21 MP: 4/6
  2006 | D:3      | Slain by an orc wizard

Illustrated notes

Levels and vault maps discovered:
D:1:      matt_arrival_diagonals, layout_basic
D:2:      layout_basic, chequers_arboretum
D:3:      minmay_razor_zed, layout_basic,
          hellmonk_ecumenical_altar_pennies_from_heaven, uniq_ijyb

Skill      XL: |  1  2 |
---------------+-------+-----
Dodging        | 3 |  3.9
Stealth        | |  2.6
Spellcasting   | |  2.0
Conjurations   | |  4.0

Action                   || total
-------------------------++-------
Melee: Dagger            ||     9
       Constrict         ||     3
 Cast: Magic Dart        ||    36
       Searing Ray       ||     2
 Stab: Sleeping          ||     1
Armor: Skin              ||     1
Dodge: Dodged            ||     6

Table legend: (Time is in decaauts)
 A = Elapsed time spent in this place.
 B = Non-inter-level travel time spent in this place.
 C = Inter-level travel time spent in this place.
 D = Time resting spent in this place.
 E = Time spent auto-exploring this place.
 F = Levels seen in this place.
 G = Mean time per level.
                   A        B        C        D        E       F      G
               +--------+--------+--------+--------+--------+-----+--------+
         Total |   2004 |   1951 |     53 |    155 |   1588 |   3 |  668.0 |
       Dungeon |   2004 |   1951 |     53 |    155 |   1588 |   3 |  668.0 |
               +--------+--------+--------+--------+--------+-----+--------+

Top non-repeatable levels by time:
     D:1: 911 daAuts
     D:2: 815 daAuts
     D:3: 277 daAuts
